 Dungeon Sprint DCSS version 0.28.0-43-g3370ac3207 (webtiles) character file.

Game seed: 5015316947059563207

3775 boopmooplesden the Severer (level 9, -2/100 HPs)
             Began as a Minotaur Berserker on Mar 18, 2022.
             Was an Elder of Trog.
             Slain by an unseen horror (4 damage)
             ... in the Dungeon (Sprint I: "Red Sonja").
             The game lasted 00:02:44 (1519 turns).

boopmooplesden the Severer (Minotaur Berserker)     Turns: 1519, Time: 00:02:44

Health: -2/100     AC:  7    Str: 22    XL:     9   Next: 95%
Magic:  8/8        EV: 14    Int:  6    God:    Trog [****..]
Gold:   757        SH:  0    Dex: 12    Spells: 8/8 levels left

rFire   . . .      SeeInvis .   a - +0 hand axe
rCold   . . .      Faith    .   (no shield)
rNeg    . . .      Spirit   .   j - +0 ring mail
rPois   .          Reflect  .   (helmet restricted)
rElec   .          Harm     .   (no cloak)
rCorr   .          Rampage  .   (no gloves)
Will    .....      NoTele   +   (no boots)
Stlth   ++........              (no amulet)
HPRegen 0.26/turn               (no ring)
MPRegen 0.11/turn               (no ring)

@: on berserk cooldown, slowed, very slow
A: horns 2, retaliatory headbutt
a: Renounce Religion, Berserk, Trog's Hand, Brothers in Arms


You were in the Dungeon.
You worshipped Trog.
Trog was greatly pleased with you.
You visited 1 branch You collected 757 gold pieces.

Inventory:

Hand Weapons
 a - a +0 hand axe (weapon)
Armour
 b - a +0 animal skin
 j - a +0 ring mail (worn)
Wands
 i - a wand of flame (18)
Scrolls
 h - a scroll of blinking
 k - a scroll of brand weapon {unknown}
 l - 2 scrolls of identify
Potions
 c - a potion of curing
 d - a potion of heal wounds
 e - a potion of haste
 f - 2 potions of magic
 g - a potion of berserk rage


   Skills:
 + Level 16.0 Fighting
 + Level 18.0 Axes
 + Level 8.8 Armour
 + Level 9.6 Dodging
 + Level 3.1 Stealth


You had 8 spell levels left.
You didn't know any spells.
Your spell library was empty.

Dungeon Overview and Level Annotations

Branches:
Dungeon (1/1)

Altars:
Cheibriados
Dithmenos
Elyvilon
Fedhas
Gozag
Hepliaklqana
Kikubaaqudgha
Makhleb
Nemelex Xobeh
Okawaru
Qazlal
Ru
Sif Muna
Trog
Uskayaw
Vehumet
Wu Jian
Xom
Yredelemnul
Zin
The Shining One
Jiyva
Lugonu

Shops:
D *[


Innate Abilities, Weirdness & Mutations

You have a pair of horns on your head.
You reflexively headbutt those who attack you in melee.


Message History

You feel a strong urge to attack something.
Something hits you. Something hits you! Something hits you. x2
You feel your anger nearly subside.
You are no longer berserk.
You are exhausted.
You feel yourself slow down. Something hits you but does no damage.
Something hits you! Something hits you but does no damage. Something hits you.
Something hits you but does no damage. Something hits you.
You slash something! Something hits you! Something hits you.
Something hits you. Something barely misses you.
Something hits you but does no damage. Something hits you.
You hit something but do no damage. Your headbutt misses something.
You slash something! Something hits you but does no damage. Something hits you!
Something hits you but does no damage. x2; Something hits you.
* * * LOW HITPOINT WARNING * * *
Something hits you!
* * * LOW HITPOINT WARNING * * *
You hit something but do no damage. You miss something.
Something hits you but does no damage. x2
Something hits you.
* * * LOW HITPOINT WARNING * * *
Something barely misses you. Something hits you.
* * * LOW HITPOINT WARNING * * *
Something hits you but does no damage.
You barely miss something. Your headbutt misses something.
You hit something but do no damage. Something hits you but does no damage.
Something hits you.
* * * LOW HITPOINT WARNING * * *
Something hits you.
* * * LOW HITPOINT WARNING * * *
Something hits you but does no damage. Something hits you!
* * * LOW HITPOINT WARNING * * *
Something hits you but does no damage. Something completely misses you.
You hit something but do no damage. You barely miss something.
Something barely misses you. Something hits you.
* * * LOW HITPOINT WARNING * * *
Something hits you but does no damage.
You hit something. Your headbutt misses something. You barely miss something.
Something hits you.
You die...

__##'#_.'≈§)).§§.#
..†'..._#≈≈≈.§#§§#
__##_.#'##'#####§###
__###+#.#.§§§###.'.#
### ####'###.###.#
+.....'.∩##.#
###########§#
#.....§§##§#
#.....§{@{§#
#+++######§# #§# +§#
###


There were no monsters in sight!

Vanquished Creatures
  2 centaur warriors (D)
  A deep troll (D)
  An oklob plant (D)
  2 kobold demonologists (D)
  A hornet (D)
  A slime creature (D)
  Sigmund (D)
  A yak (D)
  2 redbacks (D)
  A floating eye (D)
  An ogre (D)
  A jelly (D)
  Ijyb (D)
16 creatures vanquished.

Notes
Turn   | Place    | Note
-------+----------+-------------------------------------------
     0 | D        | boopmooplesden the Minotaur Berserker began the quest for
                  | the Orb.
     0 | D        | Reached XP level 1. HP: 19/19 MP: 0/0
     1 | D        | Noticed Ijyb
    12 | D        | Killed Ijyb
    13 | D        | Reached skill level 5 in Fighting
    13 | D        | Reached skill level 5 in Axes
    13 | D        | Reached XP level 2. HP: 25/29 MP: 1/1
   231 | D        | Noticed an ogre
   233 | D        | Killed an ogre
   234 | D        | Reached skill level 7 in Axes
   234 | D        | Reached XP level 3. HP: 39/39 MP: 2/2
   234 | D        | Reached XP level 4. HP: 47/47 MP: 3/3
   285 | D        | Noticed Sigmund
   288 | D        | Killed Sigmund
   288 | D        | Reached ** piety under Trog
   289 | D        | Reached skill level 10 in Axes
   289 | D        | Reached skill level 5 in Armour
   289 | D        | Reached skill level 5 in Dodging
   289 | D        | Reached XP level 5. HP: 57/57 MP: 4/4
   438 | D        | Found a burning altar of Makhleb.
   438 | D        | Found a viscous altar of Jiyva.
   438 | D        | Found a shimmering altar of Xom.
   438 | D        | Found a corrupted altar of Lugonu.
   438 | D        | Noticed a slime creature
   446 | D        | Killed a slime creature
   447 | D        | Reached skill level 10 in Fighting
   447 | D        | Reached skill level 11 in Axes
   447 | D        | Reached XP level 6. HP: 19/67 MP: 5/5
   673 | D        | Noticed a kobold demonologist
   673 | D        | Noticed a floating eye
   674 | D        | Noticed a rust devil
   676 | D        | Killed a floating eye
   676 | D        | Noticed a kobold demonologist
   677 | D        | Reached skill level 12 in Axes
   677 | D        | Reached XP level 7. HP: 74/74 MP: 6/6
   680 | D        | Killed a kobold demonologist
   681 | D        | Reached skill level 13 in Axes
   685 | D        | Killed a kobold demonologist
   685 | D        | Reached *** piety under Trog
   686 | D        | Reached skill level 14 in Axes
   686 | D        | Reached skill level 1 in Stealth
   686 | D        | Reached XP level 8. HP: 85/85 MP: 7/7
   694 | D        | Found an ornate altar of the Wu Jian Council.
   694 | D        | Found a shimmering blue altar of Sif Muna.
   696 | D        | Found a radiant altar of Vehumet.
   733 | D        | Found Zextec's General Store.
   733 | D        | Found an ancient bone altar of Kikubaaqudgha.
   733 | D        | Found a hazy altar of Hepliaklqana.
   733 | D        | Found a hide-covered altar of Uskayaw.
   733 | D        | Found a basalt altar of Yredelemnul.
   733 | D        | Found an opulent altar of Gozag.
   733 | D        | Found a snail-covered altar of Cheibriados.
   733 | D        | Found a sacrificial altar of Ru.
   733 | D        | Found a shadowy altar of Dithmenos.
   734 | D        | Found a stormy altar of Qazlal.
   734 | D        | Found a blossoming altar of Fedhas.
   734 | D        | Found a bloodstained altar of Trog.
   734 | D        | Found an iron altar of Okawaru.
   734 | D        | Found a glowing golden altar of the Shining One.
   734 | D        | Found a glowing silver altar of Zin.
   734 | D        | Found a white marble altar of Elyvilon.
   743 | D        | Found a sparkling altar of Nemelex Xobeh.
   901 | D        | Noticed a centaur warrior
   940 | D        | Noticed a centaur warrior
   949 | D        | Killed a centaur warrior
   949 | D        | Reached **** piety under Trog
   950 | D        | Reached skill level 15 in Axes
   952 | D        | Killed a centaur warrior
   953 | D        | Reached skill level 16 in Axes
   953 | D        | Reached XP level 9. HP: 57/96 MP: 8/8
  1126 | D        | Noticed a deep troll
  1133 | D        | Killed a deep troll
  1134 | D        | Reached skill level 15 in Fighting
  1134 | D        | Reached skill level 17 in Axes
  1145 | D        | Found Emesk's Armour Emporium.
  1422 | D        | Noticed an oklob plant
  1433 | D        | Killed an oklob plant
  1446 | D        | Reached skill level 18 in Axes
  1517 | D        | HP: 4/100 [something (7)]
  1519 | D        | Slain by an unseen horror

Illustrated notes

Levels and vault maps discovered:
D:        dungeon_sprint_1 [red_sonja_temple_1, red_sonja_temple_small_1]

Skill      XL: |  1  2  3  4  5  6  7  8  9 |
---------------+----------------------------+-----
Fighting       | 5 7 9 10 11 12 14 16 | 16.0
Axes           | 5 7 10 11 12 14 16 18 | 18.0
Armour         | 3 4 5 6 7 8 |  8.8
Dodging        | 3 4 5 6 7 8 9 |  9.6
Stealth        | 1 2 3 |  3.1

Action                   |  1- 3 |  4- 6 |  7- 9 || total
-------------------------+-------+-------+-------++-------
Melee: Hand axe          |    11 |    10 |    60 ||    81
       Headbutt          |     2 |     5 |    17 ||    24
       Punch             |     1 |       |     1 ||     2
Invok: Berserk           |     2 |     2 |     5 ||     9
  Use: Scroll            |       |       |     1 ||     1
 Stab: Sleeping          |       |       |     1 ||     1
Armor: Ring mail         |       |       |    29 ||    29
Dodge: Dodged            |     3 |     3 |    25 ||    31
